 Dungeon Crawl Stone Soup version 0.21.1-1-g345015f (webtiles) character file.

2936 tidbits the Martial Artist (level 9, -3/102 HPs)
             Began as a Gnoll Transmuter on Feb 14, 2018.
             Was an Initiate of Cheibriados.
             Killed by Freeze
             ... invoked by p0werm0de's ghost
              (20 damage)
             ... on level 8 of the Dungeon.
             The game lasted 00:29:43 (2895 turns).

tidbits the Martial Artist (Gnoll Transmuter)       Turns: 2895, Time: 00:29:44

Health: -3/102     AC: 24    Str: 11 (13) XL:     9   Next: 80%
Magic:  13/19      EV:  2    Int: 18 (21) God:    Cheibriados [......]
Gold:   289        SH:  5    Dex: 15 (16) Spells: 7/21 levels left

rFire    . . .     SeeInvis +     - Unarmed
rCold    . . .     Gourm    .   D - +0 buckler
rNeg     + + +     Faith    .   (armour currently unavailable)
rPois    +         Spirit   .   (helmet currently unavailable)
rElec    .         Reflect  .   (cloak currently unavailable)
rCorr    .         Harm     .   (gloves currently unavailable)
MR       .....     NoTele   +   (boots currently unavailable)
Stlth    +++.......             (no amulet)
HPRegen  0.27/turn              I - ring of see invisible
MPRegen  0.16/turn              (no ring)

@: tree-form, starving, very slow
A: distributed training, strong nose
a: Bend Time, Renounce Religion


You were on level 8 of the Dungeon.
You worshipped Cheibriados.
Cheibriados was noncommittal.
You were starving.
You were a tree.
You visited 2 branches of the dungeon, and saw 9 of its levels.
You also visited: Sewer.

You collected 289 gold pieces.

Inventory:

Hand Weapons
 h - a +1 short sword
 r - a +0 dagger
 t - the +0 morningstar "Ydihatzo" {crush, rF+}
   (You found it on level 7 of the Dungeon)

   It inflicts extra damage upon your enemies.
   It protects you from fire.
 v - a +1 flail of crushing
   (You took it off an orc priest on level 6 of the Dungeon)
 x - a +1 flail of protection
   (You took it off an orc on level 6 of the Dungeon)
 H - a cursed -2 dagger
 J - the cursed +2 mace "Transmigrator" {crush, Fragile rPois rC+ Str+4, unknown}
   (You found it on level 4 of the Dungeon)

   It inflicts extra damage upon your enemies.
   It affects your strength (+4).
   It protects you from cold.
   It protects you from poison.
   It will be destroyed if unequipped.
   It has a curse placed upon it.
 K - a +0 war axe
Missiles
 a - 66 arrows
 e - 80 stones (quivered)
 m - 14 sling bullets
Armour
 w - a +0 ring mail
 B - a +1 robe of magic resistance (melded)
   (You found it on level 4 of the Dungeon)
 C - a +0 cloak of magic resistance (melded)
   (You took it off Crazy Yiuf on level 7 of the Dungeon)
 D - a +0 buckler (worn)
 E - a +0 cloak
 F - a +1 pair of boots (melded)
Jewellery
 I - a ring of see invisible (left branch)
   (You found it on level 3 of the Dungeon)
Wands
 b - a wand of iceblast (19)
 p - a wand of paralysis (1)
Scrolls
 f - a scroll of enchant weapon
 i - 2 scrolls of teleportation
 s - a scroll of noise
 z - 2 scrolls of blinking
 G - a scroll of remove curse
Potions
 g - 4 potions of curing
 j - a potion of berserk rage {unknown}
 k - a potion of degeneration
 l - a potion of heal wounds {unknown}
 n - 2 potions of brilliance
 o - a potion of resistance {unknown}
 q - a potion of lignification
 A - a potion of might {unknown}
Books
 d - a book of Changes

   Spells                             Type                      Level
   a - Beastly Appendage              Transmutation                1
   b - Sticks to Snakes               Transmutation                2
   c - Spider Form                    Transmutation/Poison         3
   d - Ice Form                       Ice/Transmutation            4
   e - Blade Hands                    Transmutation                5
 u - a book of Debilitation
   (You found it on level 7 of the Dungeon)

   Spells                             Type                      Level
   a - Corona                         Hexes                        1
   b - Slow                           Hexes                        2
   c - Inner Flame                    Hexes/Fire                   3
   d - Portal Projectile              Hexes/Translocation          3
   e - Cause Fear                     Hexes                        4
   f - Leda's Liquefaction            Hexes/Earth                  4
 y - a book of Spatial Translocations
   (You found it in a sewer)

   Spells                             Type                      Level
   a - Blink                          Translocation                2
   b - Shroud of Golubria             Charms/Translocation         2
   c - Lesser Beckoning               Translocation                3
   d - Gell's Gravitas                Translocation                3
   e - Teleport Other                 Translocation                3
   f - Passage of Golubria            Translocation                4
Comestibles
 c - 8 rations


   Skills:
 + Level 5.2 Fighting
 + Level 4.5 Short Blades
 + Level 4.5 Long Blades
 + Level 4.5 Axes
 + Level 4.5 Maces & Flails
 + Level 4.5 Polearms
 + Level 4.5 Staves
 + Level 4.5 Slings
 + Level 4.5 Bows
 + Level 4.5 Crossbows
 + Level 4.5 Throwing
 + Level 4.5 Armour
 + Level 6.5 Dodging
 + Level 4.5 Stealth
 + Level 4.5 Shields
 + Level 8.0 Unarmed Combat
 + Level 6.8 Spellcasting
 + Level 3.7 Conjurations
 + Level 3.7 Hexes
 + Level 3.7 Charms
 + Level 3.7 Summonings
 + Level 3.7 Necromancy
 + Level 3.7 Translocations
 + Level 5.4 Transmutations
 + Level 3.7 Fire Magic
 + Level 3.7 Ice Magic
 + Level 3.7 Air Magic
 + Level 3.7 Earth Magic
 + Level 3.7 Poison Magic
 + Level 5.0 Invocations
 + Level 4.5 Evocations


You had 7 spell levels left.
You knew the following spells:

 Your Spells              Type           Power        Failure   Level  Hunger
b - Blink                 Tloc           N/A          3%          2    None
g - Shroud of Golubria    Chrm/Tloc      ###.......   3%          2    None
h - Blade Hands           Tmut           ####......   32%         5    #####..
k - Sticks to Snakes      Tmut           ####....     1%          2    None
p - Spider Form           Tmut/Pois      ###.......   4%          3    ##.....


Dungeon Overview and Level Annotations

Branches:
Dungeon (8/15)             Temple (1/1) D:4
   Lair: D:8-11

Altars:
Cheibriados
Gozag
Makhleb
Nemelex Xobeh
Okawaru
Qazlal
Ru
Sif Muna
Uskayaw
Vehumet
Wu Jian
Xom
Yredelemnul
Zin
The Shining One

Shops:
D:4 (

Annotations:
D:8 Grum; p0werm0de's ghost, novice GnIE


Innate Abilities, Weirdness & Mutations

Your experience applies equally to all skills.
((You have very sharp teeth.))
Your uncanny sense of smell can sniff out nearby items.
((You are partially covered in icy blue scales. (AC +2)))
((You are partially covered in large bone plates. (SH +4)))
((Your system is resistant to poisons. (rPois)))


Message History

Here: p0werm0de's ghost, wielding a weapon of protection The floor.
Casting: Spider Form
Confirm with . or Enter, or press ? or * to list all spells.
Your hands turn into razor-sharp scythe blades.
The +0 morningstar "Ydihatzo" {crush, rF+} melds into your body.
Your +0 buckler melds into your body.
Your ball python misses p0werm0de's ghost.
P0werm0de's ghost completely misses you.
You barely miss p0werm0de's ghost.
Your ball python barely misses p0werm0de's ghost.
P0werm0de's ghost hits you but does no damage.
The ogre shouts!
You hit p0werm0de's ghost but do no damage.
The adder hisses angrily.
You hear a howl!
You hear a shout! x2
You hear a howl!
You hear a shout!
Your ball python bites p0werm0de's ghost but does no damage.
P0werm0de's ghost completely misses you.
A wolf comes into view.
You slice p0werm0de's ghost!!
You bite p0werm0de's ghost, but do no damage.
P0werm0de's ghost is moderately damaged.
Your ball python completely misses p0werm0de's ghost.
P0werm0de's ghost hits you.
Grum the Hunter comes into view.
He is wielding a halberd.
You slash p0werm0de's ghost!
P0werm0de's ghost is heavily damaged.
Your ball python bites p0werm0de's ghost but does no damage.
You slash p0werm0de's ghost!
P0werm0de's ghost is heavily damaged.
You block p0werm0de's ghost's attack.
Your ball python barely misses p0werm0de's ghost.
The adder bites you but does no damage.
You slash p0werm0de's ghost!
You bite p0werm0de's ghost, but do no damage.
P0werm0de's ghost is severely damaged.
Your ball python barely misses p0werm0de's ghost.
P0werm0de's ghost casts a spell at you.
You are frozen.
* * * LOW HITPOINT WARNING * * *
The adder closely misses you.
Your ball python barely misses p0werm0de's ghost.
P0werm0de's ghost closely misses you.
Your ball python bites p0werm0de's ghost but does no damage.
The adder barely misses you.
Your transformation is almost over.
Your ball python withers and dies!
The adder bites you but does no damage. P0werm0de's ghost hits you.
* * * LOW HITPOINT WARNING * * *
A centaur warrior comes into view.
You are starving!
The adder closely misses you.
Unknown command.
You slice the adder!!
You kill the adder!
Cheibriados thoroughly appreciates the change of pace.
You're too hungry.
Okay, then.
It was a potion of degeneration.
There was something very wrong with that liquid.
You feel weakened.
You feel dopey.
You feel clumsy. The ogre barely misses you.
P0werm0de's ghost casts a spell at you.
You are frozen.
* * * LOW HITPOINT WARNING * * *
It was a potion of lignification.
Your hands revert to their normal proportions.
The +0 morningstar "Ydihatzo" {crush, rF+} unmelds from your body.
Your +0 buckler unmelds from your body.
You turn into a tree.
Your +0 cloak of magic resistance melds into your body.
Your +1 pair of boots melds into your body.
Your +1 robe of magic resistance melds into your body.
You feel less resistant to hostile enchantments. x2
Your roots penetrate the ground.
P0werm0de's ghost gestures at you while chanting.
You are frozen.
* * * LOW HITPOINT WARNING * * *
The ogre completely misses you.
Wield which item (- for none, * to show all)? (? for menu, Esc to quit)
Okay, then.
Wield which item (- for none, * to show all)? (? for menu, Esc to quit)
You are now empty-handed.
Okay, then.
Unknown command.
Evoke which item? (* to show all) (? for menu, Esc to quit)
Aiming: Paralyse
Press: ? - help, Shift-Dir - straight line, f - ogre
Aim: an ogre, wielding a giant club (chance to defeat MR: 59%)
The ogre suddenly stops moving!
You block p0werm0de's ghost's attack.
You hit p0werm0de's ghost.
P0werm0de's ghost is almost destroyed.
P0werm0de's ghost casts a spell at you.
You are frozen.
* * * LOW HITPOINT WARNING * * *
You block Grum's attack.
You feel better.
The wolf howls!
You hear a howl!
P0werm0de's ghost gestures at you while chanting.
You are frozen.
You die...

#.##..# #<....# #(
#.###.# ##. #.# #.#
.hc. #.# #.# ... #.#
#.# #.####g###
.....#.###.##..≈..##
#.......#...?...#
##...#.♣#.......#
#.....#WO.hh......
##...###g......###
##..# ###..##.# #..#
#..# # #..# #..#
##... .... ##...##
####. ##.....## .. ∆


You could see Grum, an ogre (paralysed), 2 wolves and p0werm0de's ghost.

Vanquished Creatures
  Pikel (D:6)
  Duvessa (D:7)
  An orc warrior (D:7)
  5 ice beasts
  2 sky beasts
  A slave (D:6)
  A phantom (D:4)
  An ogre (D:5)
  3 centaurs
  A crocodile (D:7)
  2 bullfrogs (Sewer)
  Dowan (D:7)
  2 scorpions (D:7)
  2 bullfrog zombies (D:5)
  A howler monkey (D:4)
  A centaur zombie (D:7)
  A jelly (D:5)
  A hound (D:5)
  A bullfrog skeleton (D:5)
  A centaur skeleton (D:4)
  4 orc priests
  Crazy Yiuf (D:7)
  6 orc wizards
  An iguana (D:6)
  3 worker ants
  A hound skeleton (D:4)
  A howler monkey skeleton (D:6)
  A river rat (D:3)
  9 adders
  3 gnolls (D:3)
  A shadow imp (D:7)
  An adder skeleton (D:5)
  An adder zombie (D:6)
  2 worms
  3 leopard geckos
  14 orcs
  2 ball pythons (Sewer)
  3 bats
  7 giant cockroaches
  6 goblins
  5 hobgoblins
  4 jackals (D:1)
  A quokka (D:6)
  6 frilled lizards
  A kobold (D:2)
  5 rats
122 creatures vanquished.

Vanquished Creatures (collateral kills)
  A bullfrog (D:7)
  A hound skeleton (D:4)
  A gnoll (D:1)
  An ooze (D:3)
  2 orcs
  2 hobgoblins
  A jackal skeleton (D:5)
9 creatures vanquished.

Grand Total: 131 creatures vanquished

Notes
Turn   | Place    | Note
-------+----------+-------------------------------------------
     0 | D:1      | tidbits the Gnoll Transmuter began the quest for the Orb.
     0 | D:1      | Reached XP level 1. HP: 17/17 MP: 6/6
    69 | D:1      | Reached XP level 2. HP: 5/23 MP: 5/7
    73 | D:1      | Learned a level 2 spell: Sticks to Snakes
   296 | D:2      | Reached XP level 3. HP: 15/28 MP: 3/9
   301 | D:2      | Learned a level 3 spell: Spider Form
   307 | D:2      | Reached skill level 5 in Spellcasting
   405 | D:3      | Reached skill level 1 in Invocations
   418 | D:3      | Reached skill level 1 in Short Blades
   418 | D:3      | Reached skill level 1 in Long Blades
   418 | D:3      | Reached skill level 1 in Axes
   418 | D:3      | Reached skill level 1 in Maces & Flails
   418 | D:3      | Reached skill level 1 in Polearms
   418 | D:3      | Reached skill level 1 in Staves
   418 | D:3      | Reached skill level 1 in Slings
   418 | D:3      | Reached skill level 1 in Bows
   418 | D:3      | Reached skill level 1 in Crossbows
   418 | D:3      | Reached skill level 1 in Throwing
   418 | D:3      | Reached skill level 1 in Armour
   418 | D:3      | Reached skill level 1 in Stealth
   418 | D:3      | Reached skill level 1 in Shields
   418 | D:3      | Reached skill level 1 in Evocations
   418 | D:3      | Reached XP level 4. HP: 32/34 MP: 1/11
   443 | D:3      | Noticed a centaur
   453 | D:3      | Killed a centaur
   453 | D:3      | Reached skill level 1 in Conjurations
   453 | D:3      | Reached skill level 1 in Hexes
   453 | D:3      | Reached skill level 1 in Charms
   453 | D:3      | Reached skill level 1 in Summonings
   453 | D:3      | Reached skill level 1 in Necromancy
   453 | D:3      | Reached skill level 1 in Translocations
   453 | D:3      | Reached skill level 1 in Fire Magic
   453 | D:3      | Reached skill level 1 in Ice Magic
   453 | D:3      | Reached skill level 1 in Air Magic
   453 | D:3      | Reached skill level 1 in Earth Magic
   453 | D:3      | Reached skill level 1 in Poison Magic
   453 | D:3      | Reached XP level 5. HP: 15/40 MP: 0/12
   463 | D:4      | Reached skill level 3 in Fighting
   463 | D:4      | Reached skill level 4 in Transmutations
   492 | D:4      | Found Penill's Antique Weapon Shoppe.
   542 | D:5      | Entered Level 5 of the Dungeon
   542 | D:5      | Noticed an ice beast
   622 | D:3      | Reached XP level 6. HP: 27/47 MP: 0/13
   672 | D:3      | Found a deep blue altar of Sif Muna.
   782 | D:3      | Reached skill level 2 in Invocations
   794 | D:3      | Found a glowing drain.
   798 | Sewer    | Entered a sewer
   960 | Sewer    | Reached skill level 2 in Short Blades
   960 | Sewer    | Reached skill level 2 in Long Blades
   960 | Sewer    | Reached skill level 2 in Axes
   960 | Sewer    | Reached skill level 2 in Maces & Flails
   960 | Sewer    | Reached skill level 2 in Polearms
   960 | Sewer    | Reached skill level 2 in Staves
   960 | Sewer    | Reached skill level 2 in Slings
   960 | Sewer    | Reached skill level 2 in Bows
   960 | Sewer    | Reached skill level 2 in Crossbows
   960 | Sewer    | Reached skill level 2 in Throwing
   960 | Sewer    | Reached skill level 2 in Armour
   960 | Sewer    | Reached skill level 5 in Dodging
   960 | Sewer    | Reached skill level 2 in Stealth
   960 | Sewer    | Reached skill level 2 in Shields
   960 | Sewer    | Reached skill level 2 in Evocations
  1018 | Sewer    | Learned a level 2 spell: Shroud of Golubria
  1021 | Sewer    | Learned a level 2 spell: Blink
  1097 | D:4      | Noticed a phantom
  1121 | D:4      | Reached XP level 7. HP: 37/52 MP: 7/15
  1142 | D:4      | Reached skill level 7 in Unarmed Combat
  1173 | D:4      | Gained mutation: You expend magic power (3 MP) to strengthen your wands. [potion of mutation]
  1173 | D:4      | Gained mutation: You tend to lose your temper in combat. [potion of mutation]
  1173 | D:4      | Gained mutation: Armour fits poorly on your strangely shaped body. [potion of mutation]
  1173 | D:4      | Gained mutation: You are partially covered in large bone plates. (SH +4) [potion of mutation]
  1191 | D:5      | Reached skill level 2 in Conjurations
  1191 | D:5      | Reached skill level 2 in Hexes
  1191 | D:5      | Reached skill level 2 in Charms
  1191 | D:5      | Reached skill level 2 in Summonings
  1191 | D:5      | Reached skill level 2 in Necromancy
  1191 | D:5      | Reached skill level 2 in Translocations
  1191 | D:5      | Reached skill level 2 in Fire Magic
  1191 | D:5      | Reached skill level 2 in Ice Magic
  1191 | D:5      | Reached skill level 2 in Air Magic
  1191 | D:5      | Reached skill level 2 in Earth Magic
  1191 | D:5      | Reached skill level 2 in Poison Magic
  1241 | D:5      | Found a sparkling altar of Nemelex Xobeh.
  1325 | D:6      | Reached skill level 3 in Invocations
  1391 | D:8      | Noticed p0werm0de's ghost (novice GnIE)
  1415 | D:7      | Lost mutation: You expend magic power (3 MP) to strengthen your wands. [potion of mutation]
  1415 | D:7      | Lost mutation: Armour fits poorly on your strangely shaped body. [potion of mutation]
  1415 | D:7      | Lost mutation: You tend to lose your temper in combat. [potion of mutation]
  1415 | D:7      | Gained mutation: Your system is resistant to poisons. (rPois) [potion of mutation]
  1415 | D:7      | Gained mutation: You are partially covered in icy blue scales. (AC +2) [potion of mutation]
  1437 | D:7      | Reached XP level 8. HP: 60/60 MP: 10/16
  1474 | D:6      | Reached skill level 4 in Fighting
  1474 | D:6      | Reached skill level 3 in Short Blades
  1474 | D:6      | Reached skill level 3 in Long Blades
  1474 | D:6      | Reached skill level 3 in Axes
  1474 | D:6      | Reached skill level 3 in Maces & Flails
  1474 | D:6      | Reached skill level 3 in Polearms
  1474 | D:6      | Reached skill level 3 in Staves
  1474 | D:6      | Reached skill level 3 in Slings
  1474 | D:6      | Reached skill level 3 in Bows
  1474 | D:6      | Reached skill level 3 in Crossbows
  1474 | D:6      | Reached skill level 3 in Throwing
  1474 | D:6      | Reached skill level 3 in Armour
  1474 | D:6      | Reached skill level 3 in Stealth
  1474 | D:6      | Reached skill level 3 in Shields
  1474 | D:6      | Reached skill level 3 in Evocations
  1541 | D:6      | Noticed Pikel
  1553 | D:6      | Killed Pikel
  1553 | D:6      | Reached skill level 6 in Spellcasting
  1635 | D:7      | Reached skill level 4 in Invocations
  1641 | D:7      | Reached skill level 3 in Conjurations
  1641 | D:7      | Reached skill level 3 in Hexes
  1641 | D:7      | Reached skill level 3 in Charms
  1641 | D:7      | Reached skill level 3 in Summonings
  1641 | D:7      | Reached skill level 3 in Necromancy
  1641 | D:7      | Reached skill level 3 in Translocations
  1641 | D:7      | Reached skill level 3 in Fire Magic
  1641 | D:7      | Reached skill level 3 in Ice Magic
  1641 | D:7      | Reached skill level 3 in Air Magic
  1641 | D:7      | Reached skill level 3 in Earth Magic
  1641 | D:7      | Reached skill level 3 in Poison Magic
  1656 | D:7      | Reached XP level 9. HP: 23/66 MP: 12/18
  1663 | D:7      | Reached skill level 6 in Dodging
  1677 | D:7      | Got an ichor-stained morningstar
  1696 | D:7      | Identified the cursed +0 morningstar "Ydihatzo" {crush, rF+} (You found it on level 7 of the Dungeon)
  1785 | D:7      | Reached skill level 5 in Transmutations
  1841 | D:7      | Noticed Duvessa
  1843 | D:7      | Noticed Dowan
  1856 | D:7      | Killed Duvessa
  1867 | D:7      | Killed Dowan
  1895 | D:7      | Reached skill level 4 in Short Blades
  1895 | D:7      | Reached skill level 4 in Long Blades
  1895 | D:7      | Reached skill level 4 in Axes
  1895 | D:7      | Reached skill level 4 in Maces & Flails
  1895 | D:7      | Reached skill level 4 in Polearms
  1895 | D:7      | Reached skill level 4 in Staves
  1895 | D:7      | Reached skill level 4 in Slings
  1895 | D:7      | Reached skill level 4 in Bows
  1895 | D:7      | Reached skill level 4 in Crossbows
  1895 | D:7      | Reached skill level 4 in Throwing
  1895 | D:7      | Reached skill level 4 in Armour
  1895 | D:7      | Reached skill level 4 in Stealth
  1895 | D:7      | Reached skill level 4 in Shields
  1895 | D:7      | Reached skill level 4 in Evocations
  2014 | D:7      | Found a runed door.
  2018 | D:7      | Noticed Crazy Yiuf
  2022 | D:7      | Killed Crazy Yiuf
  2240 | D:5      | Reached skill level 5 in Fighting
  2506 | D:5      | Reached skill level 8 in Unarmed Combat
  2644 | D:4      | Found a staircase to the Ecumenical Temple.
  2653 | Temple   | Entered the Ecumenical Temple
  2711 | Temple   | Became a worshipper of Cheibriados the Contemplative
  2751 | D:4      | Got a smoking mace
  2831 | D:7      | Learned a level 5 spell: Blade Hands
  2877 | D:8      | Reached skill level 5 in Invocations
  2883 | D:8      | Noticed Grum
  2888 | D:8      | Noticed a centaur warrior
  2894 | D:8      | HP: 9/102 [p0werm0de's ghost/Freeze (13)]
  2895 | D:8      | Killed from afar by p0werm0de's ghost

Skill      XL: |  1  2  3  4  5  6  7  8  9 |
---------------+----------------------------+-----
Spellcasting   | 5 6 |  6.8
Invocations    | 1 2 3 4 5 |  5.0
Short Blades   | 1 2 3 4 |  4.5
Long Blades    | 1 2 3 4 |  4.5
Axes           | 1 2 3 4 |  4.5
Maces & Flails | 1 2 3 4 |  4.5
Polearms       | 1 2 3 4 |  4.5
Staves         | 1 2 3 4 |  4.5
Slings         | 1 2 3 4 |  4.5
Bows           | 1 2 3 4 |  4.5
Crossbows      | 1 2 3 4 |  4.5
Throwing       | 1 2 3 4 |  4.5
Armour         | 1 2 3 4 |  4.5
Stealth        | 1 2 3 4 |  4.5
Shields        | 1 2 3 4 |  4.5
Evocations     | 1 2 3 4 |  4.5
Conjurations   | 1 2 3 |  3.7
Hexes          | 1 2 3 |  3.7
Charms         | 1 2 3 |  3.7
Summonings     | 1 2 3 |  3.7
Necromancy     | 1 2 3 |  3.7
Translocations | 1 2 3 |  3.7
Fire Magic     | 1 2 3 |  3.7
Ice Magic      | 1 2 3 |  3.7
Air Magic      | 1 2 3 |  3.7
Earth Magic    | 1 2 3 |  3.7
Poison Magic   | 1 2 3 |  3.7
Fighting       | 3 4 5 |  5.2
Transmutations | 4 5 |  5.4
Dodging        | 5 6 |  6.5
Unarmed Combat | 7 8 |  8.0

Action                   |  1- 3 |  4- 6 |  7- 9 || total
-------------------------+-------+-------+-------++-------
Melee: Unarmed           |    47 |    92 |   216 ||   355
       Punch             |     1 |       |     1 ||     2
       Headbutt          |     1 |       |       ||     1
       Kick              |     2 |       |       ||     2
       Bite              |     1 |       |     3 ||     4
       Short sword       |       |       |     5 ||     5
       Morningstar       |       |       |    12 ||    12
Throw: Stone             |     2 |       |     2 ||     4
 Cast: Beastly Appendage |     9 |       |       ||     9
       Sticks to Snakes  |     7 |     9 |    18 ||    34
       Spider Form       |     3 |    14 |    26 ||    43
       Shroud of Golubri |       |       |     3 ||     3
       Blade Hands       |       |       |     1 ||     1
 Abil: End Transformatio |       |       |     2 ||     2
Evoke: Wand              |       |       |     9 ||     9
  Use: Scroll            |       |     7 |     4 ||    11
       Potion            |       |     1 |     6 ||     7
 Stab: Distracted        |     2 |     1 |     3 ||     6
       Sleeping          |     1 |     3 |     4 ||     8
       Paralysed         |       |       |    12 ||    12
  Eat: Ration            |       |     1 |       ||     1
       Chunk             |       |       |     4 ||     4
Armor: Robe              |     1 |       |     8 ||     9
       Skin              |       |     4 |     4 ||     8
Dodge: Dodged            |    31 |    94 |   175 ||   300
Block: Other             |       |       |     2 ||     2
       Buckler           |       |       |     7 ||     7

Table legend:
 A = Turns spent in this place as a percentage of turns spent in the entire game.
 B = Non-inter-level travel turns spent in this place as a percentage of non-inter-level travel turns spent in the entire game.
 C = Inter-level travel turns spent in this place as a percentage of turns spent in this place.
 D = Turns resting spent in this place as a percentage of non-inter-level travel turns spent in this place.
 E = Turns spent auto-exploring this place as a percentage of non-inter-level travel turns spent in this place.
 F = Non-inter-level travel turns spent in this place divided by the number of levels of this place that you've seen.
                   A       B       C       D       E      F
               +-------+-------+-------+-------+-------+----------------------
         Total | 100.0 | 100.0 |   3.0 |   0.0 |   0.0 | 280.8
       Dungeon |  89.4 |  89.0 |   3.4 |   0.0 |   0.0 | 312.5
        Temple |   2.8 |   2.9 |   0.0 |   0.0 |   0.0 |  81.0
         Sewer |   7.8 |   8.1 |   0.0 |   0.0 |   0.0 | 227.0
               +-------+-------+-------+-------+-------+----------------------

Table legend:
 A = Kills in this place as a percentage of kills in entire the game.
 B = Kills by you in this place as a percentage of kills by you in the entire game.
 C = Kills by friends in this place as a percentage of kills by friends in the entire game.
 D = Other kills in this place as a percentage of other kills in the entire game.
 E = Experience gained in this place as a percentage of experience gained in the entire game.
 F = Experience gained in this place divided by the number of levels of this place that you have seen.
                   A       B       C       D       E      F
               +-------+-------+-------+-------+-------+----------------------
         Total | 100.0 | 100.0 | 100.0 |   N/A | 100.0 | 419.5
       Dungeon |  87.7 |  86.8 | 100.0 |   N/A |  94.4 | 495.2
         Sewer |  12.3 |  13.2 |   0.0 |   N/A |   5.6 | 233.0
               +-------+-------+-------+-------+-------+----------------------

Vault maps used:
D:1:      dpeg_arrival_morbid_curiosity, minmay_misc_feat_cross
D:3:      old_standard_altar, gup_sewer_entry_bowl
D:4:      minmay_temple_entry_purple_smoke, serial_shops, shop
D:5:      minmay_thick_lines, first_ration, nemelex_xobeh_ov_fountains_minmay
D:6:      uniq_pikel
D:7:      uniq_duvessa, uniq_crazy_yiuf_cottage
D:8:      minmay_curly_fans, basic_altar, hangedman_decor_points, uniq_grum
Temple:   minmay_crystal_snake_temple
Sewer:    sewer_frog_island_01
